 Dungeon Crawl Stone Soup version 0.23.0 (webtiles) character file.

Game seed: 12835683594508324000

112423 LostNumber the Summoner (level 15, -22/133 HPs)
             Began as a Purple Draconian Summoner on Feb 17, 2019.
             Was the Champion of Kikubaaqudgha.
             Killed from afar by Roxanne (41 damage)
             ... with a crystal spear
             ... on level 14 of the Dungeon.
             The game lasted 01:23:55 (33550 turns).

LostNumber the Summoner (DrSu)                     Turns: 33550, Time: 01:23:56

Health: -22/133    AC: 21    Str: 11    XL:     15   Next: 77%
Magic:  8/30       EV: 18    Int: 22    God:    Kikubaaqudgha [******]
Gold:   1813       SH: 13    Dex: 14    Spells: 4/36 levels left

rFire    . . .     SeeInvis .   M - +2 trident (pierce)
rCold    . . .     Gourm    .   n - +2 buckler
rNeg     . . .     Faith    .   (armour unavailable)
rPois    +         Spirit   .   T - +1 hat
rElec    .         Reflect  +   A - +0 cloak
rCorr    .         Harm     .   a - +2 pair of gloves {Dex+3}
MR       ++...                  r - +0 pair of boots
Stlth    ++........             H - +5 amulet of reflection
HPRegen  0.32/turn              V - ring of poison resistance
MPRegen  0.22/turn              s - +6 ring of protection

@: no status effects
A: breathe power, unfitting armour, cold-blooded, AC +9
}: 1/15 runes: decaying
a: Breathe Dispelling Energy, Receive Corpses, Torment, Brand Weapon With Pain,
Receive Necronomicon, Renounce Religion


You were on level 14 of the Dungeon.
You worshipped Kikubaaqudgha.
Kikubaaqudgha was exalted by your worship.
You were hungry.

You visited 6 branches of the dungeon, and saw 29 of its levels.
You also visited: Sewer.

You collected 2575 gold pieces.
You spent 762 gold pieces at shops.

Inventory:

Hand Weapons
 M - a +2 trident of piercing (weapon)
   (You took it off a naga on level 1 of the Snake Pit)
 R - the +8 trident of the Tent {pierce, MR- Int+5 Dex+5}
   (You found it on level 1 of the Lair of Beasts)

   It inflicts extra damage upon your enemies.
   It affects your intelligence (+5).
   It affects your dexterity (+5).
   It affects your resistance to hostile enchantments.
Missiles
 F - 2 throwing nets (quivered) {!f}
Armour
 a - a +2 pair of gloves of dexterity (worn)
   (You found it on level 3 of the Swamp)
 n - a +2 buckler (worn)
   (You found it on level 12 of the Dungeon)
 r - a +0 pair of boots (worn)
   (You found it on level 3 of the Dungeon)
 A - a +0 cloak (worn)
   (You found it on level 5 of the Dungeon)
 S - a +0 shield
   (You found it on level 1 of the Lair of Beasts)
 T - a +1 hat (worn)
   (You took it off Gastronok on level 1 of the Lair of Beasts)
Jewellery
 i - an uncursed ring of protection from fire
   (You found it on level 1 of the Swamp)
 o - an uncursed ring of protection from cold
   (You found it on level 2 of the Swamp)
 s - a +6 ring of protection (right hand)
   (You found it on level 3 of the Dungeon)
 B - an uncursed amulet of magic regeneration {unknown}
   (You found it on level 6 of the Lair of Beasts)
 H - a +5 amulet of reflection (around neck)
   (You found it on level 11 of the Dungeon)
 V - a ring of poison resistance (left hand)
   (You found it on level 1 of the Lair of Beasts)
Wands
 c - a wand of disintegration (14)
   (You found it on level 1 of the Snake Pit)
 d - a wand of iceblast (17)
   (You found it on level 1 of the Lair of Beasts)
 q - a wand of scattershot (6)
   (You found it on level 3 of the Swamp)
 t - a wand of flame (27)
   (You found it on level 13 of the Dungeon)
 u - a wand of paralysis (10)
   (You found it on level 6 of the Dungeon)
 v - a wand of digging (23)
   (You found it on level 10 of the Dungeon)
 x - a wand of acid (21)
   (You found it on level 9 of the Dungeon)
 y - a wand of polymorph (9)
   (You found it on level 4 of the Swamp)
 N - a wand of clouds (6)
   (You found it on level 1 of the Swamp)
Scrolls
 b - 5 scrolls of immolation {!r}
 f - 17 scrolls of teleportation {@r4}
 h - 8 scrolls of magic mapping
 p - 3 scrolls of blinking
 z - a scroll of summoning
 E - 11 scrolls of remove curse {@r2}
 I - 2 scrolls of enchant armour
 W - 2 scrolls of fog
 X - 3 scrolls of enchant weapon
Potions
 g - 14 potions of curing {@q1}
 j - 2 potions of magic
 k - 4 potions of might
 l - 2 potions of resistance
 m - 3 potions of cancellation
 w - 6 potions of heal wounds {@q2}
 C - 5 potions of haste {@q3}
 D - a potion of agility
 G - 3 potions of lignification {!q}
 J - 4 potions of mutation {!q}
 K - 12 potions of flight
 P - a potion of ambrosia
 Q - a potion of invisibility
 Y - 8 potions of brilliance
Miscellaneous
 O - a phantom mirror
Comestibles
 e - 38 rations {!d}


   Skills:
 + Level 12.3 Fighting
 + Level 11.0 Polearms
 + Level 9.7 Dodging
 - Level 1.7 Stealth
 + Level 7.8 Shields
 - Level 11.0 Spellcasting
 - Level 13.0 Summonings
 - Level 9.0 Necromancy
 - Level 4.0 Ice Magic
 - Level 4.0 Air Magic
 - Level 8.0 Earth Magic


You had 4 spell levels left.
You knew the following spells:

 Your Spells              Type           Power        Failure   Level  Hunger
a - Summon Small Mammal   Summ           ####         1%          1    None
b - Shadow Creatures      Summ           N/A          4%          6    ######.
c - Call Canine Familiar  Summ           ######..     1%          3    None
d - Summon Ice Beast      Ice/Summ       #####...     1%          4    #......
e - Blink                 Tloc           N/A          9%          2    None
f - Borgnjor's Vile Clut  Necr/Erth      #####.....   4%          5    ####...
g - Apportation           Tloc           ##....       5%          1    None
u - Animate Dead          Necr           N/A          1%          4    #......
x - Call Imp              Summ           ######..     1%          2    None
z - Summon Lightning Spi  Summ/Air       #####...     1%          4    #......

Your spell library contained the following spells:

 Spells                   Type           Power        Failure   Level  Hunger
 Animate Skeleton         Necr           N/A          1%          1    None
 Pain                     Necr           ####         1%          1    None
 Corpse Rot               Necr           N/A          1%          2    None
 Sublimation of Blood     Necr           ######....   1%          2    None
 Summon Guardian Golem    Hex/Summ       #####...     1%          3    None
 Shock                    Conj/Air       ###.         2%          1    None
 Regeneration             Chrm/Necr      ####......   2%          3    None
 Ensorcelled Hibernation  Hex/Ice        ###...       3%          2    None
 Swiftness                Chrm/Air       ###.....     3%          2    None
 Confusing Touch          Hex            ##....       5%          1    None
 Corona                   Hex            ##.....      5%          1    None
 Magic Dart               Conj           ##..         5%          1    None
 Static Discharge         Conj/Air       ###.....     7%          3    None
 Slow                     Hex            ##......     9%          2    None
 Mephitic Cloud           Conj/Pois/Air  ###.....     10%         3    None
 Airstrike                Air            ####......   11%         4    #......
 Confuse                  Hex            ##......     16%         3    None
 Conjure Flame            Conj/Fire      ##......     16%         3    None
 Dazzling Spray           Conj/Hex       ##....       16%         3    None
 Tukima's Dance           Hex            ##......     16%         3    None
 Agony                    Necr           ######..     3%          5    ####...
 Dispel Undead            Necr           ######..     3%          5    ####...
 Bolt of Draining         Conj/Necr      ####......   24%         5    ####...
 Excruciating Wounds      Chrm/Necr      ####......   24%         5    ####...
 Simulacrum               Ice/Necr       #####.....   50%         6    ######.
 Lightning Bolt           Conj/Air       ###.......   54%         5    ####...
 Silence                  Hex/Air        ###.......   54%         5    ####...
 Darkness                 Hex            ##........   100%        6    ######.


Dungeon Overview and Level Annotations

Branches:
Dungeon (14/15)            Temple (1/1) D:5            Lair (6/6) D:11
  Swamp (4/4) Lair:2        Snake (2/4) Lair:3        Slime (0/5) Lair:6
    Orc (2/2) D:12            Elf (0/3) Orc:2        Vaults (0/5) D:14

Altars:
Ashenzari
Cheibriados
Elyvilon
Hepliaklqana
Kikubaaqudgha
Nemelex Xobeh
Uskayaw
Yredelemnul
Zin
The Shining One
Beogh

Shops:
D:4 *   D:6 *   D:11 =   Orc:2 [([(   Snake:1 ?

Annotations:
D:8 2 transporters, emsyzz's ghost, novice DEFE
D:14 Kirke; Roxanne
Lair:2 2 transporters, Ciovowug's ghost, journeyman DrTm
Lair:6 1 exclusion
Swamp:4 2 transporters, Majang's ghost, adept MiBe
Snake:1 3 runed translucent doors


Innate Abilities, Weirdness & Mutations

You can breathe bolts of dispelling energy.
Your rich purple scales are hard. (AC +9)
You cannot fit into any form of body armour.
You are cold-blooded and may be slowed by cold attacks.


Message History

Unknown command.
Unknown command.
An electric hum fills the air.
The zombie hands constrict Roxanne!
Roxanne asks, "Say, could you scratch my back for me?"
Roxanne mumbles some strange words.
The iron shot hits you!
A tengu conjurer comes into view.
A chill wind blows around you.
The zombie hands constrict Roxanne!
Roxanne casts a spell.
The iron shot hits you!!
A yak comes into view.
Your troll zombie bites Roxanne but does no damage.
Your troll zombie claws Roxanne but does no damage.
Your troll zombie claws Roxanne!
A chill wind blows around you.
The zombie hands constrict Roxanne.
Roxanne mumbles some strange words.
The crystal spear hits you!!!
* * * LOW HITPOINT WARNING * * *
Your troll zombie bites Roxanne but does no damage.
Your troll zombie claws Roxanne but does no damage. x2
The zombie hands constrict Roxanne!
The tengu conjurer hits your troll zombie!
The tengu conjurer pecks your troll zombie.
The tengu conjurer barely misses your troll zombie.
Your ice beast hits Roxanne but does no damage.
Your troll zombie bites Roxanne but does no damage.
Your troll zombie claws Roxanne but does no damage. x2
Unknown command.
The zombie hands constrict Roxanne, but do no damage.
The zombie hands release their grip on Roxanne.
Roxanne mumbles some strange words.
You blink.
You block the tengu warrior's attack. x2
The tengu warrior claws you but does no damage.
Your ice beast hits Roxanne but does no damage. x2
You swap places.
The tengu conjurer hits your ice beast!
The tengu conjurer pecks your ice beast but does no damage.
The tengu conjurer claws your ice beast.
Your troll zombie bites Roxanne.
Your troll zombie claws Roxanne but does no damage.
Your troll zombie claws Roxanne.
The tengu warrior hits your ice beast with a +3 dire flail!!
The tengu warrior closely misses your ice beast.
The tengu warrior barely misses your ice beast.
Your ice beast hits the tengu conjurer.
Your ice beast freezes the tengu conjurer!
Your ice beast hits Roxanne but does no damage.
Roxanne casts a spell.
The crystal spear hits you!!!
You die...
Kikubaaqudgha rasps: "You have failed me!
Welcome... death!"

.......# ###....# #
..Y....# #..h..## #
...Y..######..รท..# #
................Z# #
##.####...#####..(..####
......QQZY....'........#
# ##.#Y8.#####........#
#..#.##.#.8^# ####......
#..#.##'.@### #......
#..#.......# #......
..#.......# #......
##.........# #......
.....#.#################.
#..##.##...........# ##
##.##.##.###...###.#
#..#.##.#.......#.#
##.#.##.#..<..#.#.#


You could see Roxanne, a tengu warrior, a yak, a tengu conjurer, 2 friendly ice
beasts, a friendly lightning spire and a friendly troll zombie.

Vanquished Creatures
  Jorgrun (Swamp:3)
  A very ugly thing (Swamp:2)
  2 naga warriors
  A shambling mangrove (Swamp:3)
  4 vault guards (D:14)
  2 hydras
  2 anacondas (Snake:1)
  3 ghost crabs
  4 alligators
  A two-headed ogre (D:11)
  A tengu warrior (D:12)
  A spriggan berserker (Swamp:4)
  A naga sharpshooter (Snake:2)
  A salamander mystic (Snake:1)
  7 swamp dragons
  A wizard (D:14)
  2 orc knights
  6 mana vipers
  An orc sorcerer (Orc:2)
  4 oklob plants
  A cyclops (D:13)
  A manticore (D:12)
  A salamander (Snake:1)
  A naga mage (Snake:1)
  3 elephants (Lair:2)
  2 guardian serpents
  7 black mambas
  10 spiny frogs
  4 komodo dragons
  An efreet (D:12)
  A tengu conjurer (D:14)
  5 tyrant leeches
  5 trolls
  5 slime creatures
  8 hornets
  8 blink frogs
  6 bog bodies
  A meliai zombie (D:12)
  2 dream sheep (Lair:6)
  2 hippogriffs
  4 spriggans
  20 yaks
  A shadow (Swamp:2)
  A wyvern (D:12)
  2 steam dragons
  A basilisk (D:11)
  11 vampire mosquitoes
  A hungry ghost (D:10)
  11 swamp worms
  3 wargs
  7 nagas
  2 acid dragons
  9 water moccasins
  6 porcupines
  16 orc warriors
  7 swamp drakes
  A hornet zombie (D:14)
  3 black bears
  3 sky beasts
  2 necrophages
  A phantom (D:4)
  8 ogres
  8 wolves
  2 centaurs
  9 crocodiles
  2 big kobolds
  12 bullfrogs
  A water moccasin skeleton (D:10)
  3 scorpions
  6 wights
  3 howler monkeys (D:12)
  2 electric eels (D:9)
  2 centaur zombies
  4 crimson imps
  3 hounds
  2 jellies
  4 centaur skeletons
  12 orc priests
  3 bullfrog skeletons
  14 orc wizards
  5 iguanas
  Natasha (twice) (D:2)
  4 worker ants
  A hound skeleton (D:4)
  3 gnolls (Orc:1)
  8 adders
  3 river rats (Sewer)
  2 shadow imps
  4 oozes
  4 worms
  A dart slug (D:4)
  7 leopard geckos
  60 orcs
  11 giant cockroaches
  5 goblins
  3 hobgoblins
  6 jackals
  19 kobolds
  5 quokkas
  2 ball pythons
  4 bats
  3 frilled lizards (D:2)
  2 jackal skeletons
  A leopard gecko skeleton (D:7)
  17 rats
  A bush (Lair:6)
  A fungus (D:11)
516 creatures vanquished.

Vanquished Creatures (collateral kills)
  Rupert (Lair:4)
  Gastronok (Lair:1)
  2 thorn hunters (Swamp:4)
  An orc warlord (Orc:2)
  Snorg (Lair:4)
  A naga warrior (Snake:2)
  11 hydras
  An anaconda (Snake:2)
  A centaur warrior (D:10)
  2 two-headed ogres
  7 alligators
  A death yak (Lair:6)
  An orc high priest (Orc:1)
  A naga sharpshooter (Snake:2)
  2 unseen horrors
  An orc knight (Orc:1)
  7 swamp dragons
  A naga ritualist (Snake:1)
  2 mana vipers (Snake:1)
  2 ugly things
  A salamander (Snake:1)
  8 elephants
  A manticore (D:14)
  A naga mage (Snake:1)
  5 black mambas
  A torpor snail (Lair:3)
  9 spiny frogs
  An efreet (D:13)
  2 rime drakes
  2 yaktaurs (D:14)
  A freezing wraith (D:11)
  A komodo dragon (Lair:2)
  A tyrant leech (Swamp:1)
  A polar bear (Lair:5)
  4 trolls
  4 hornets
  5 bog bodies
  13 slime creatures
  13 blink frogs
  4 dream sheep (Lair:6)
  3 hippogriffs
  4 spriggans
  A wyvern (Lair:3)
  2 hogs (D:14)
  3 basilisks
  22 yaks
  A wraith (D:14)
  A human (D:14)
  5 vampire mosquitoes (Swamp:2)
  Menkaure (D:6)
  9 swamp worms
  Duvessa (D:6)
  An acid dragon (D:13)
  5 water moccasins
  4 porcupines
  6 swamp drakes
  17 orc warriors
  An eye of draining (D:13)
  A phantom (D:6)
  3 black bears
  3 necrophages (D:9)
  11 wolves
  9 ogres
  6 crocodiles
  A big kobold (D:10)
  A wyvern zombie (D:10)
  6 bullfrogs
  Dowan (D:6)
  2 scorpions
  7 wights
  8 crimson imps
  6 howler monkeys
  A quasit (D:9)
  A jelly (D:6)
  A centaur skeleton (D:7)
  2 hounds
  2 bullfrog zombies
  13 orc priests
  12 orc wizards
  Natasha (D:2)
  5 worker ants
  An iguana (D:4)
  2 hound zombies (D:9)
  A hound skeleton (D:7)
  2 mummies (D:9)
  4 gnolls (D:7)
  7 adders
  A shadow imp (D:13)
  4 oozes
  An adder skeleton (D:9)
  A worm (D:2)
  4 leopard geckos
  60 orcs
  5 ball pythons (Sewer)
  2 giant cockroaches (D:4)
  A goblin (D:3)
  5 jackals
  11 kobolds
  2 quokkas
  4 bats
  3 frilled lizards
  12 rats
  A briar patch (Swamp:4)
  2 fungi
451 creatures vanquished.

Vanquished Creatures (others)
  A cyclops (D:13)
  A naga mage (Snake:1)
  2 swamp worms
  2 orc wizards
  An orc (D:13)
  A briar patch (Swamp:4)
  A bush (D:11)
  8 fungi
  8 plants
  A withered plant (D:9)
26 creatures vanquished.

Grand Total: 993 creatures vanquished

Notes
Turn   | Place    | Note
-------+----------+-------------------------------------------
     0 | D:1      | LostNumber the Draconian Summoner began the quest for the
                  | Orb.
     0 | D:1      | Reached XP level 1. HP: 14/14 MP: 3/3
   169 | D:1      | Reached XP level 2. HP: 21/22 MP: 0/5
   187 | D:1      | You fall through a shaft!
   856 | D:1      | Reached skill level 1 in Fighting
  1200 | D:2      | Learned a level 2 spell: Call Imp
  1259 | D:2      | Reached XP level 3. HP: 20/28 MP: 2/6
  1268 | D:2      | Learned a level 3 spell: Call Canine Familiar
  1398 | D:2      | Noticed Natasha
  1593 | D:2      | Killed Natasha
  1593 | D:2      | Reached skill level 1 in Polearms
  1730 | D:2      | Reached XP level 4. HP: 35/35 MP: 3/7
  1760 | D:2      | Noticed Natasha
  1777 | D:2      | Killed Natasha
  2307 | D:2      | Noticed Natasha
  2318 | D:2      | Killed Natasha
  2514 | D:3      | Noticed a +0 dagger
  2514 | D:3      | Noticed a +0 dagger
  2515 | D:3      | Found a hide-covered altar of Uskayaw.
  2841 | D:3      | Reached skill level 5 in Summonings
  2856 | D:3      | Reached XP level 5. HP: 41/41 MP: 3/8
  3376 | D:4      | Noticed an ogre
  3487 | D:4      | Noticed a phantom
  3518 | D:4      | Killed a phantom
  3518 | D:4      | Reached XP level 6. HP: 41/50 MP: 3/10
  3579 | D:4      | Learned a level 4 spell: Summon Lightning Spire
  3692 | D:4      | Found a glowing drain.
  3725 | Sewer    | Entered a sewer
  3907 | Sewer    | Reached skill level 1 in Air Magic
  4641 | D:4      | Your scales start taking on a rich purple colour.
  4641 | D:4      | Reached XP level 7. HP: 33/56 MP: 1/12
  4800 | D:4      | Found Otawul's Assorted Antiques.
  5025 | D:4      | Learned a level 4 spell: Summon Ice Beast
  5406 | D:5      | Entered Level 5 of the Dungeon
  5529 | D:5      | Reached skill level 6 in Summonings
  5679 | D:5      | Found a white marble altar of Elyvilon.
  5707 | D:5      | Found a staircase to the Ecumenical Temple.
  5724 | D:5      | Reached skill level 1 in Ice Magic
  5732 | Temple   | Entered the Ecumenical Temple
  5739 | Temple   | Became a worshipper of Kikubaaqudgha
  6263 | D:6      | Found Meushroh's Assorted Antiques.
  6419 | D:6      | Noticed Menkaure
  6504 | D:6      | Reached XP level 8. HP: 46/63 MP: 7/14
  6546 | D:6      | Killed Menkaure
  6765 | D:6      | Reached * piety under Kikubaaqudgha
  6765 | D:6      | Identified Kikubaaqudgha's Disquisition on Darkness
                  | (Kikubaaqudgha gifted it to you on level 6 of the Dungeon)
  6765 | D:6      | Received a gift from Kikubaaqudgha
  6856 | D:6      | Noticed Dowan
  6857 | D:6      | Noticed Duvessa
  6868 | D:6      | Killed Duvessa
  6894 | D:6      | Killed Dowan
  7583 | D:7      | Reached skill level 7 in Summonings
  7648 | D:7      | Reached skill level 5 in Spellcasting
  7802 | D:7      | Reached XP level 9. HP: 69/71 MP: 16/16
  8084 | D:8      | Reached ** piety under Kikubaaqudgha
  8506 | D:8      | Noticed a two-headed ogre
  8506 | D:8      | Noticed emsyzz's ghost (novice DEFE)
  8506 | D:8      | Noticed a two-headed ogre
  8507 | D:8      | Found a transporter.
  8507 | D:8      | Found a transporter.
  8610 | D:8      | Found a shattered altar of Ashenzari.
  8612 | D:8      | Found a snail-covered altar of Cheibriados.
  8618 | D:8      | Found a sparkling altar of Nemelex Xobeh.
  8917 | D:8      | Reached skill level 5 in Fighting
  8917 | D:8      | Reached skill level 8 in Summonings
  9295 | D:9      | Reached *** piety under Kikubaaqudgha
  9295 | D:9      | Identified Kikubaaqudgha's Reference Book on Stolen Souls
                  | (Kikubaaqudgha gifted it to you on level 9 of the Dungeon)
  9295 | D:9      | Received a gift from Kikubaaqudgha
  9295 | D:9      | Reached skill level 5 in Polearms
  9484 | D:9      | Reached skill level 5 in Dodging
  9647 | D:10     | Entered Level 10 of the Dungeon
  9649 | D:10     | Noticed a centaur warrior
  9710 | D:10     | Killed a centaur warrior
  9710 | D:10     | Reached skill level 1 in Necromancy
  9710 | D:10     | Reached XP level 10. HP: 78/83 MP: 6/19
  9890 | D:10     | Noticed a two-headed ogre
  9902 | D:10     | Killed a two-headed ogre
 10355 | D:11     | Reached **** piety under Kikubaaqudgha
 10388 | D:11     | Noticed a purple ugly thing
 10399 | D:11     | Noticed a two-headed ogre
 10542 | D:11     | Found a staircase to the Lair.
 10706 | D:11     | Noticed a two-headed ogre
 10721 | D:11     | Killed a two-headed ogre
 10825 | D:11     | Killed a purple ugly thing
 10925 | Lair:1   | Entered Level 1 of the Lair of Beasts
 10960 | Lair:1   | Noticed a spiny frog
 10967 | Lair:1   | Killed a spiny frog
 10976 | Lair:1   | Noticed a black mamba
 10988 | Lair:1   | Killed a black mamba
 11101 | Lair:1   | Noticed a spiny frog
 11110 | Lair:1   | Killed a spiny frog
 11110 | Lair:1   | Reached XP level 11. HP: 80/92 MP: 7/22
 11136 | Lair:1   | Got a crystal trident
 11189 | Lair:1   | Identified the +8 trident of the Tent {pierce, MR- Int+5
                  | Dex+5} (You found it on level 1 of the Lair of Beasts)
 11229 | Lair:1   | Reached skill level 1 in Shields
 11442 | Lair:1   | Noticed Gastronok
 11456 | Lair:1   | Killed Gastronok
 11675 | Lair:1   | Identified a scroll of acquirement
 11683 | Lair:1   | Learned a level 5 spell: Borgnjor's Vile Clutch
 11690 | Lair:1   | Learned a level 6 spell: Shadow Creatures
 11875 | Lair:2   | Reached skill level 5 in Necromancy
 11875 | Lair:2   | Reached skill level 1 in Earth Magic
 12092 | Lair:2   | Found a transporter.
 12092 | Lair:2   | Noticed Ciovowug's ghost (journeyman DrTm)
 12096 | Lair:2   | Found a transporter.
 12437 | Lair:2   | Noticed a seven-headed hydra
 12451 | Lair:2   | Reached ***** piety under Kikubaaqudgha
 12455 | Lair:2   | Killed a seven-headed hydra
 12544 | Lair:2   | Noticed an eight-headed hydra
 12566 | Lair:2   | Killed an eight-headed hydra
 12668 | Lair:2   | You fall through a shaft!
 13225 | Lair:2   | Found a glowing golden altar of the Shining One.
 13330 | Lair:2   | Noticed an oklob plant
 13330 | Lair:2   | Noticed an oklob plant
 13501 | Lair:2   | Found a staircase to the Swamp.
 13629 | Lair:3   | Found a staircase to the Snake Pit.
 13640 | Lair:3   | Reached XP level 12. HP: 82/103 MP: 16/24
 14258 | Lair:3   | Reached skill level 5 in Earth Magic
 14261 | Lair:3   | Noticed a five-headed hydra
 14268 | Lair:3   | Killed a five-headed hydra
 14783 | Lair:4   | Noticed a seven-headed hydra
 14791 | Lair:4   | Noticed Snorg
 14794 | Lair:4   | Killed a seven-headed hydra
 14886 | Lair:4   | Noticed Rupert
 14897 | Lair:4   | Killed Rupert
 15151 | Lair:4   | Killed Snorg
 15204 | Lair:4   | Learned a level 4 spell: Animate Dead
 15936 | Lair:5   | Reached skill level 9 in Summonings
 16074 | Lair:5   | Reached skill level 10 in Spellcasting
 16239 | Lair:6   | Entered Level 6 of the Lair of Beasts
 16249 | Lair:6   | Reached XP level 13. HP: 111/111 MP: 15/27
 17005 | Lair:6   | Reached ****** piety under Kikubaaqudgha
 17162 | Lair:6   | Reached skill level 10 in Fighting
 17185 | Lair:6   | Found a staircase to the Slime Pits.
 17644 | Lair:6   | Got a smoking short sword
 18068 | D:11     | Found Tullef's Jewellery Emporium.
 18212 | D:11     | Reached skill level 10 in Summonings
 19103 | D:12     | Found a staircase to the Orcish Mines.
 21003 | D:14     | Identified Roxanne's Handbook of Earth
 21003 | D:14     | Noticed Roxanne
 21243 | Orc:1    | Entered Level 1 of the Orcish Mines
 21820 | Orc:2    | Entered Level 2 of the Orcish Mines
 21955 | Orc:2    | Found Giub's Antique Weapon Shoppe.
 22579 | Orc:2    | Found a staircase to the Elven Halls.
 22620 | Orc:2    | Found a roughly hewn altar of Beogh.
 22742 | Orc:1    | Found a roughly hewn altar of Beogh.
 23507 | Orc:2    | Noticed an orc warlord
 23711 | Orc:2    | Killed an orc warlord
 23711 | Orc:2    | Reached XP level 14. HP: 52/122 MP: 1/28
 23874 | Orc:2    | Found Jewekhlaeh's Antique Weapon Shop.
 23876 | Orc:2    | Found a roughly hewn altar of Beogh.
 23877 | Orc:2    | Found Mongod's Antique Armour Boutique.
 23995 | Orc:2    | Found a roughly hewn altar of Beogh.
 24022 | Orc:2    | Found Meqyiq's Armour Boutique.
 24027 | Orc:2    | Bought a +2 pair of gloves of strength for 322 gold pieces
 24231 | Swamp:1  | Entered Level 1 of the Swamp
 24297 | Lair:2   | Reached skill level 11 in Summonings
 24898 | Swamp:1  | Reached skill level 5 in Shields
 25007 | Swamp:1  | Reached skill level 10 in Polearms
 25938 | Swamp:2  | Noticed a cyan very ugly thing
 25957 | Swamp:2  | Killed a cyan very ugly thing
 26830 | Swamp:3  | Noticed Jorgrun
 26852 | Swamp:3  | Killed Jorgrun
 28182 | Swamp:4  | Entered Level 4 of the Swamp
 28198 | Swamp:4  | Found a transporter.
 28215 | Swamp:4  | Noticed a thorn hunter
 28654 | Swamp:4  | Reached skill level 12 in Summonings
 28761 | Swamp:4  | Noticed Majang's ghost (adept MiBe)
 28764 | Swamp:4  | Found a transporter.
 28816 | Swamp:4  | Learned a level 2 spell: Blink
 28818 | Swamp:4  | Learned a level 1 spell: Apportation
 29341 | Swamp:4  | Reached XP level 15. HP: 130/130 MP: 4/30
 29684 | Swamp:4  | Noticed a thorn hunter
 29714 | Swamp:4  | HP: 4/130 [thorn hunter/volley of thorns (27)]
 29723 | Swamp:4  | Killed a thorn hunter
 30030 | Swamp:4  | Noticed a thorn hunter
 30037 | Swamp:4  | Killed a thorn hunter
 30393 | Swamp:4  | Got a decaying rune of Zot
 30561 | Snake:1  | Entered Level 1 of the Snake Pit
 31698 | Snake:1  | Found a runed translucent gate.
 31698 | Snake:1  | Found a runed translucent gate.
 31698 | Snake:1  | Found a runed translucent gate.
 31904 | Snake:1  | Found Oxullyph's Magic Scroll Shop.
 32029 | Snake:1  | Bought a scroll of summoning for 190 gold pieces
 32029 | Snake:1  | Bought a scroll of teleportation for 60 gold pieces
 32029 | Snake:1  | Bought a scroll of fog for 40 gold pieces
 32029 | Snake:1  | Bought a scroll of blinking for 150 gold pieces
 32198 | Snake:2  | Reached skill level 13 in Summonings
 32849 | D:14     | Noticed Kirke
 33309 | D:14     | Found a gate to the Vaults.
 33550 | D:14     | Killed from afar by Roxanne

Skill      XL: |  1  2  3  4  5  6  7  8  9 10 11 12 13 14 15 |
---------------+----------------------------------------------+-----
Dodging        | 2 3 4 5 6 7 8 9 |  9.7
Fighting       | 1 2 3 4 5 7 8 9 10 11 12 | 12.3
Polearms       | 1 2 3 5 6 7 8 9 10 11 | 11.0
Summonings     | 5 6 7 8 9 10 12 13 | 13.0
Spellcasting   | 3 4 5 6 7 8 10 11 | 11.0
Air Magic      | 1 2 4 |  4.0
Ice Magic      | 2 3 4 |  4.0
Necromancy     | 1 4 6 8 9 |  9.0
Shields        | 1 2 4 6 7 |  7.8
Earth Magic    | 3 6 8 |  8.0
Stealth        | |  1.7

Action                   |  1- 3 |  4- 6 |  7- 9 | 10-12 | 13-15 || total
-------------------------+-------+-------+-------+-------+-------++-------
Melee: Spear             |   128 |   301 |    67 |       |       ||   496
       Unarmed           |     2 |       |       |       |       ||     2
       Tailslap          |    14 |    23 |    51 |    69 |   152 ||   309
       Trident           |       |       |   527 |   590 |  1559 ||  2676
 Cast: Summon Small Mamm |     9 |     1 |       |       |       ||    10
       Call Imp          |     2 |    34 |    29 |     5 |    17 ||    87
       Call Canine Famil |     4 |    18 |    26 |    15 |    15 ||    78
       Summon Lightning  |       |     2 |    17 |    26 |    31 ||    76
       Summon Ice Beast  |       |       |       |    95 |   170 ||   265
       Borgnjor's Vile C |       |       |       |       |    94 ||    94
       Animate Dead      |       |       |       |       |     7 ||     7
       Shadow Creatures  |       |       |       |       |    17 ||    17
Invok: Receive Corpses   |       |       |       |       |     2 ||     2
 Abil: Breathe Dispellin |       |       |     3 |     1 |     2 ||     6
Evoke: Wand              |       |       |       |       |     1 ||     1
  Use: Scroll            |     5 |     1 |     5 |    12 |    19 ||    42
       Potion            |       |       |       |     1 |     6 ||     7
 Stab: Sleeping          |     7 |     6 |     2 |     7 |     7 ||    29
       Distracted        |       |       |     8 |    17 |    25 ||    50
  Eat: Chunk             |     3 |    14 |    24 |    20 |    51 ||   112
       Ration            |       |       |       |     2 |     9 ||    11
Armor: Skin              |    43 |   107 |   177 |   162 |   377 ||   866
Dodge: Dodged            |    92 |   230 |   359 |   364 |   710 ||  1755
Block: Other             |       |       |       |    79 |    68 ||   147
       Reflection        |       |       |       |     1 |    29 ||    30
       Buckler           |       |       |       |       |   545 ||   545
